 Dungeon Crawl Stone Soup version 0.18-a0-1577-gf591c28 (webtiles) character file.

23 Ijustatesigmund the Insei (level 3, -1/24 HPs)
             Began as an Octopode Transmuter on Mar 17, 2016.
             Slain by a rat (2 damage)
             ... on level 1 of the Dungeon.
             The game lasted 00:00:58 (588 turns).

Ijustatesigmund the Insei (Octopode Transmuter)      Turns: 588, Time: 00:00:59

Health: -1/24      AC:  1    Str:  9    XL:     3   Next: 0%
Magic:  4/6        EV: 12    Int: 16    God:
Gold:   29         SH:  0    Dex: 12    Spells: 2 memorised, 3 levels left

rFire  . . .     SeeInvis .       - Unarmed
rCold  . . .     Gourm    .     (no shield)
rNeg   . . .     Faith    .     (helmet restricted)
rPois  .         Spirit   .     (no amulet)
rElec  .         Dismiss  .     (no ring)
rCorr  .         Reflect  .     (no ring)
SustAt .         Harm     .     (no ring)
MR     .....                    (no ring)
Stlth  ++........               (no ring)
                                (no ring)
                                (no ring)
                                (no ring)

@: appendage, not resistant to hostile enchantments, unstealthy
A: almost no armour, amphibious, 8 rings, constrict 8, tentacle spike 3,
camouflage 1, gelatinous body 1
a: End Transformation


You were on level 1 of the Dungeon.
You were not hungry.
One of your tentacles had a temporary spike.
You visited 1 branch of the dungeon, and saw 1 of its levels.

You collected 29 gold pieces.

Inventory:

Missiles
 a - 12 arrows
Scrolls
 d - a scroll of amnesia {unknown}
Books
 b - a book of Changes

   Spells                             Type                      Level
   a - Beastly Appendage              Transmutation                1
   b - Sticks to Snakes               Transmutation                2
   c - Spider Form                    Transmutation/Poison         3
   d - Ice Form                       Ice/Transmutation            4
   e - Blade Hands                    Transmutation                5
Comestibles
 c - a bread ration


   Skills:
 + Level 2.0 Fighting
 - Level 2.0 Dodging
 + Level 3.5 Unarmed Combat
 - Level 2.0 Spellcasting
 - Level 2.0 Transmutations


You had 3 spell levels left.
You knew the following spells:

 Your Spells              Type           Power        Failure   Level  Hunger
a - Beastly Appendage     Trmt           #.....       10%         1    #......
b - Sticks to Snakes      Trmt           #.......     14%         2    ###....


Dungeon Overview and Level Annotations

Branches:
Dungeon (1/15)

Altars:


Innate Abilities, Weirdness & Mutations

You cannot wear most types of armour.
You are amphibious.
You can wear up to eight rings at the same time.
You can use your tentacles to constrict eight enemies at once.
Your skin changes colour to match your surroundings (Stealth).
Your rubbery body absorbs attacks (AC +1).
One of your tentacles bears a large vicious spike.


Message History

You are too injured to fight recklessly!
You are too injured to fight recklessly!
You are too injured to fight recklessly!
You are too injured to fight recklessly!
You barely miss the jackal. You grab the jackal.
You pierce the jackal.
You squeeze the jackal.
You kill the jackal!
You have reached level 3!
Your experience leads to an increase in your attributes!
Increase (S)trength, (I)ntelligence, or (D)exterity?
You feel clever. The jackal barely misses you. The rat bites you.
* * * LOW HITPOINT WARNING * * *
You tentacle-slap the jackal. Your grab misses the jackal.
Your tentacle-slap misses the jackal.
The jackal is severely wounded.
The jackal bites you.
* * * LOW HITPOINT WARNING * * *
The rat bites you.
You die...

#......###.#######.#
# ###...........## #
........)......# #
.........†.....# #
...............# #
...............# #
................. #
........####'##### #
.#...P.@$# .# #
#..♣.r.h# .# #
##.......# #
##....#.# # #....#..
# ...$.##.# #
....### .. # .....
...


You could see a jackal and a rat.

Vanquished Creatures
  A dart slug (D:1)
  A giant cockroach (D:1)
  4 goblins (D:1)
  4 hobgoblins (D:1)
  3 jackals (D:1)
  2 kobolds (D:1)
  2 rats (D:1)
17 creatures vanquished.

Notes
Turn   | Place    | Note
--------------------------------------------------------------
     0 | D:1      | Ijustatesigmund the Octopode Transmuter began the quest for the Orb.
     0 | D:1      | Reached XP level 1. HP: 13/13 MP: 3/3
   420 | D:1      | Reached XP level 2. HP: 18/18 MP: 5/5
   424 | D:1      | Learned a level 2 spell: Sticks to Snakes
   587 | D:1      | Reached XP level 3. HP: 6/24 MP: 4/6
   588 | D:1      | HP: 1/24 [jackal (3)]
   588 | D:1      | Slain by a rat

Vault maps used:
D:1:      lemuel_arrival_muddy, minmay_misc_feat_roman, serial_park_tiny_1

Skill      XL: |  1  2 |
---------------+-------+-----
Fighting       | 2 |  2.0
Dodging        | |  2.0
Unarmed Combat | |  3.5
Spellcasting   | |  2.0
Transmutations | |  2.0

Action                   || total
-------------------------++-------
Melee: Unarmed           ||    42
 Cast: Beastly Appendage ||     2
 Stab: Sleeping          ||     3
